 Dungeon Crawl Stone Soup version 0.31-a0-875-g02e7d12df6 (webtiles) character file.

Game seed: 13634153861583312315

542857 greenreed the Conqueror (level 24, -1/249 HPs)
             Began as a Minotaur Berserker on Oct 12, 2023.
             Was a High Priest of Trog.
             Slain by an electric golem (19 damage)
             ... on level 5 of the Realm of Zot on Oct 13, 2023.
             The game lasted 03:15:44 (59159 turns).

greenreed the Conqueror (Minotaur Berserker)       Turns: 59159, Time: 03:15:46

Health: -1/249     AC:  0    Str: 39    XL:     24   Next: 80%
Magic:  22/22      EV: 13    Int:  4    God:    Trog [*****.]
Gold:   3295       SH:  0    Dex: 12    Spells: 23/23 levels left

rFire   . . .        t - melded +9 eveningstar (flame)
rCold   . . .        Y - melded +4 kite shield {rN+}
rNeg    . . .        s - melded +9 scales of the Dragon King {rPois rF+ rC+ Will+}
rPois   .            U - melded +2 hat {Stlth+}
rElec   .            G - melded +2 cloak {Stlth+}
rCorr   .            m - melded +2 pair of gloves
SInv    .            H - melded +2 pair of boots "Guned" {rN+ Int+3 Dex+2}
Will    +++..        e - amulet of Citzuhau {Faith Int+3 Dex+4}
Stlth   +            T - melded ring "Xuug" {Dex+6 SInv}
HPRegen 1.00/turn    k - melded ring of Goumiphiu {rF++ rC+ AC+4}
MPRegen 0.18/turn

%: faith
@: about to teleport, pig-form, strong-willed, held, regenerating, very quick
A: fast, no casting, small, (horns 2), (retaliatory headbutt), (iridescent
scales 1), dopey 1, screaming 1, inhibited regeneration, strong 1
}: 3/15 runes: serpentine, barnacled, silver
a: Renounce Religion, Berserk, Trog's Hand, Brothers in Arms


You were on level 5 of the Realm of Zot.
You worshipped Trog.
Trog was extremely pleased with you.
You were a filthy swine.
You visited 9 branches of the dungeon, and saw 45 of its levels.
You visited the Abyss 1 time.
You visited 1 bazaar.
You also visited: Volcano.

You collected 5908 gold pieces.
You spent 2613 gold pieces at shops.

Inventory:

Hand Weapons
 t - a +9 eveningstar of flaming (melded)
Armour
 m - a +2 pair of gloves (melded)
 n - a +0 kite shield of cold resistance
 s - the +9 scales of the Dragon King (melded) {rPois rF+ rC+ Will+}
   (You bought it in a shop on level 11 of the Dungeon)

   rF+:       It protects you from fire.
   rC+:       It protects you from cold.
   rPois:     It protects you from poison Will+: It increases your willpower.
 G - a +2 cloak of stealth (melded)
 H - the +2 pair of boots "Guned" (melded) {rN+ Int+3 Dex+2}
   (You found it on level 5 of the Vaults)

   Int+3:     It affects your intelligence (+3).
   Dex+2:     It affects your dexterity (+2).
   rN+:       It protects you from negative energy.
 I - the +5 Storm Queen's Shield {shock, Fly rElec}
   (You acquired it on level 4 of the Shoals)

   Shock:     When it blocks an attack, it may electrocute the attacker.
   This works even against foes who are a short distance away.
   rElec:     It insulates you from electricity.
   Fly:       It grants you flight.
 U - a +2 hat of stealth (melded)
 Y - a +4 kite shield of positive energy (melded)
Jewellery
 e - the amulet of Citzuhau (around neck) {Faith Int+3 Dex+4}
   (You found it on level 1 of the Depths)

   [amulet of faith]

   Faith:     It allows you to gain divine favour quickly.
   Int+3:     It affects your intelligence (+3).
   Dex+4:     It affects your dexterity (+4).
 f - an amulet of reflection
 h - the ring "Uptikkept" {Ice Will+ Dex+6}
   (You found it on level 3 of the Vaults)

   [ring of ice]

   Ice:       It enhances your ice magic.
   Dex+6:     It affects your dexterity (+6).
   rF-:       It makes you vulnerable to fire.
   rC+:       It protects you from cold.
   Will+:     It increases your willpower.
 k - the ring of Goumiphiu (melded) {rF++ rC+ AC+4}
   (You acquired it on level 2 of the Shoals)

   [ring of protection]

   AC+4:      It affects your AC (+4).
   rF++:      It greatly protects you from fire.
   rC+:       It protects you from cold.
 p - a ring of protection from cold
 F - a ring of resist corrosion
 O - a ring of willpower
 T - the ring "Xuug" (melded) {Dex+6 SInv}
   (You found it on level 13 of the Dungeon)

   [ring of dexterity]

   Dex+6:     It affects your dexterity (+6).
   SInv:      It lets you see invisible.
Wands
 o - a wand of flame (52)
 q - a wand of quicksilver (19)
 u - a wand of iceblast (44)
 v - a wand of polymorph (18)
 w - a wand of paralysis (88)
 W - a wand of digging (8)
 X - a wand of mindburst (20)
Scrolls
 a - 9 scrolls of fear
 b - 18 scrolls of teleportation
 g - 2 scrolls of brand weapon
 i - 5 scrolls of torment
 j - 7 scrolls of poison
 l - 7 scrolls of immolation
 r - 8 scrolls of vulnerability
 y - 2 scrolls of summoning
 A - 5 scrolls of blinking
 B - 4 scrolls of revelation
 K - 2 scrolls of silence
 Q - 4 scrolls of fog
 R - 17 scrolls of enchant weapon
Potions
 c - 28 potions of curing
 x - 2 potions of heal wounds
 z - 8 potions of ambrosia
 C - 3 potions of magic
 D - 5 potions of attraction
 E - 3 potions of haste
 J - 4 potions of invisibility
 M - 4 potions of enlightenment
 S - 5 potions of might
 V - 6 potions of cancellation
 Z - 10 potions of resistance
Miscellaneous
 d - a lightning rod (4/4)
 L - a phial of floods
 N - a sack of spiders
 P - a phantom mirror


   Skills:
 O Level 27 Fighting
 + Level 22.0 Maces & Flails
 + Level 23.6 Armour
 + Level 23.4 Dodging
 + Level 21.5 Shields
 + Level 14.2 Evocations
 - Level 3.0 Shapeshifting


You had 23 spell levels left.
You didn't know any spells.
Your spell library was empty.

Dungeon Overview and Level Annotations

Branches:
Dungeon (15/15)            Temple (0/1) D:7            Lair (5/5) D:10
 Shoals (4/4) Lair:2        Snake (4/4) Lair:3        Slime (0/5) Lair:5
    Orc (2/2) D:9             Elf (0/3) Orc:2        Vaults (5/5) D:13
  Crypt (0/3) Vaults:2     Depths (4/4) D:15           Hell (visited)
    Zot (5/5) Depths:4    Volcano (visited)
    Dis: Hell:1         Geh: Hell:1         Coc: Hell:1         Tar: Hell:1

Altars:
Ashenzari
Cheibriados
Fedhas
Hepliaklqana
Kikubaaqudgha
Makhleb
Okawaru
Qazlal
Trog
Uskayaw
Xom
Yredelemnul
Zin
Jiyva

Shops:
D:4 =   D:11 [   Orc:2 *:[(   Shoals:1 [   Shoals:2 ?:?*   Snake:1 [[?!=*[(
Snake:4 (   Vaults:3 :   Vaults:4 (   Depths:1 *[

Portals:
Hell: Depths:1 Depths:2 Depths:3 Depths:4
Abyss: D:12 Depths:3 Depths:4
Pandemonium: Depths:2 Depths:3
Ziggurat: Depths:3

Annotations:
D:12 2 transporters, Sundig's ghost, journeyman MiFi
Vaults:3 1 transporter
Hell Geryon


Innate Abilities, Weirdness & Mutations

You are a filthy swine.
You move quickly.
Your equipment is almost entirely melded.
You are incapable of wielding weapons or throwing items.
You cannot cast spells.
((You have a pair of horns on your head.))
((You reflexively headbutt those who attack you in melee.))
((You are partially covered in iridescent scales. (AC +2)))
You are dopey. (Int -2)
You occasionally shout uncontrollably at your foes.
You do not regenerate when monsters are visible.
Your muscles are strong. (Str +4, Int/Dex -1)


Message History

Your +2 hat of stealth melds into your body.
Your +2 pair of gloves melds into your body.
The +2 pair of boots "Guned" {rN+ Int+3 Dex+2} melds into your body.
Your +4 kite shield of positive energy melds into your body.
The +9 scales of the Dragon King {rPois rF+ rC+ Will+} melds into your body.
The ring "Xuug" {Dex+6 SInv} melds into your body.
The ring of Goumiphiu {rF++ rC+ AC+4} melds into your body.
Your +9 eveningstar of flaming stops flaming.
You feel less stealthy. x2
You feel less protected from negative energy.
You feel clumsy.
The electric golem blinks!
The Orb Guardian barely misses you.
Unknown command.
The Killer Klown pies you viciously! The klown pie misses you.
The klown pie misses the orb of fire.
The Killer Klown blinks!
The Orb Guardian drops a net on you.
You avoid being caught in a net.
The Orb Guardian hits you! The Orb Guardian completely misses you.
The Killer Klown pies you viciously! The klown pie misses you.
The Orb Guardian drops a net on you.
You become entangled in the net!
The Killer Klown blinks!
The Orb Guardian attacks as it pursues you!
The Orb Guardian hits you!!!
You see here a throwing net.
You tear a large gash into the net.
The Killer Klown blinks! x2
The Orb Guardian hits you!!!
You struggle against the net.
The electric golem hits you. The electric golem shocks you!!
* * * LOW HITPOINT WARNING * * *
The electric golem closely misses you. The electric golem hits you.
* * * LOW HITPOINT WARNING * * *
The electric golem barely misses you. The electric golem hits you!
* * * LOW HITPOINT WARNING * * *
The electric golem shocks you!!
* * * LOW HITPOINT WARNING * * *
The electric golem hits you!
* * * LOW HITPOINT WARNING * * *
The electric golem shocks you!!
You die...

▓▓▓▓..... p...
##▓.........
##...........
#............
▓............ .
▓.p..p..§....
....▓...X.....^..
....^..XXX....p..
....▓.X.*h.......
... ▓...9...^....
. ▓............
▓...!......^.
▓▓...........
▓▓▓.........
▓▓▓▓...... ▓▓▓▓▓▓


You could see an orb of fire, 3 Killer Klowns, an electric golem and 5 Orb
Guardians.

Vanquished Creatures
  6 dread liches
  2 orbs of fire (Zot:2)
  4 ancient liches
  Mennas (Depths:3)
  A juggernaut (Depths:1)
  Josephina (Zot:3)
  Parghit (Zot:4)
  A Killer Klown (Zot:3)
  Saint Roka (Orc:2)
  Vashnia (Snake:4)
  A curse toe (Zot:2)
  5 caustic shrikes (Depths:3)
  10 golden dragons
  A bone dragon (Depths:4)
  2 electric golems
  11 tentacled monstrosities
  6 Orb Guardians (Zot:5)
  2 liches
  7 titans
  A walking frostbound tome (Depths:4)
  Mlioglotl (Snake:1)
  4 quicksilver dragons
  7 death cobs
  Murray (Depths:2)
  2 tentacled starspawn (Abyss:2)
  7 sphinxes
  2 krakens
  3 draconian monks
  5 tengu reavers
  Agnes (D:14)
  12 shadow dragons
  Aizul (Snake:2)
  4 nagarajas
  3 draconian knights
  11 storm dragons
  9 fire giants
  5 iron dragons (Vaults:5)
  8 frost giants
  3 draconian scorchers
  A ghost moth (Zot:4)
  14 vault wardens
  4 draconian shifters
  2 orc warlords
  4 draconian stormcallers
  13 ironbound preservers
  10 draconian annihilators
  35 very ugly things
  A quicksilver ooze (shapeshifter) (Vaults:5)
  A formless jellyfish (Vaults:4)
  2 spriggan defenders
  4 war gargoyles
  17 stone giants
  7 ironbound thunderhulks
  6 green draconians
  2 vampire knights (Depths:4)
  A lorocyproca (Abyss:3)
  2 deep elf demonologists (Vaults:5)
  8 red draconians
  8 black draconians
  8 purple draconians
  2 deep elf annihilators (Vaults:5)
  11 white draconians
  8 yellow draconians
  5 spark wasps (Depths:3)
  9 ettins
  2 blizzard demons
  A crystal guardian (Vaults:3)
  The ghost of olddryhag the Nimble, a journeyman GnGl of Gozag (D:14)
  6 merfolk javelineers
  5 fire dragons
  2 entropy weavers
  3 deep elf high priests
  12 yaktaur captains
  13 merfolk impalers
  8 great orbs of eyes
  3 rakshasas
  28 vault guards
  2 entropy weavers (shapeshifter)
  2 peacekeepers (Vaults:3)
  4 hydras
  7 salamander tyrants
  The ghost of xbox the Martial Artist, a journeyman DsEE of Gozag (D:11)
  2 ice dragons
  A spriggan skeleton (Abyss:2)
  6 boulder beetles
  7 merfolk avatars
  2 ogre magi
  3 spriggan air magi
  7 merfolk aquamancers
  5 satyrs
  12 tengu warriors
  An alligator snapping turtle (Shoals:4)
  A catoblepas (Lair:3)
  8 anacondas
  17 two-headed ogres
  8 centaur warriors
  5 ironbound frosthearts
  11 naga warriors
  8 deep troll shamans
  A death knight (D:13)
  A sphinx skeleton (Depths:2)
  3 deep troll earth magi
  2 hell hogs (Depths:2)
  A titan zombie (Vaults:5)
  28 naga sharpshooters
  A satyr (shapeshifter) (Vaults:5)
  3 vampire magi
  4 spriggan berserkers
  10 shock serpents
  An orc high priest (Orc:2)
  A thrashing horror (Abyss:2)
  Urug (Lair:1)
  Nergalle (D:10)
  3 spriggans
  5 hell knights
  2 sun demons
  A wretched star (Abyss:3)
  4 skysharks
  2 fire crabs
  5 iron trolls
  A quicksilver dragon simulacrum (Zot:3)
  6 salamander mystics
  2 glowing orange brains (Depths:3)
  46 deep trolls
  A flayed ghost (Vaults:5)
  12 sea snakes
  3 lindwurms
  5 phantasmal warriors
  A steelbarb worm (shapeshifter) (Vaults:4)
  An obsidian statue (D:11)
  10 ironbound convokers
  2 naga ritualists (Snake:4)
  11 wizards
  7 mana vipers
  A shadow dragon zombie (Depths:2)
  8 harpies
  6 necromancers
  An iron dragon zombie (Depths:3)
  3 deep elf pyromancers
  2 wolf spiders (Lair:5)
  8 orc knights
  11 starcursed masses (Abyss:2)
  48 ugly things
  A shadow dragon skeleton (Vaults:5)
  A tengu skeleton (Depths:2)
  A moth of wrath (shapeshifter) (Depths:3)
  A faun (shapeshifter) (Depths:3)
  4 orc sorcerers
  20 manticores
  22 moths of wrath
  24 salamanders
  8 fauns
  A frost giant skeleton (Depths:3)
  A human skeleton (Vaults:4)
  13 merfolk sirens
  9 cyclopes
  Maurice (D:8)
  9 elephants
  A stone giant skeleton (Vaults:5)
  Joseph (D:7)
  3 rust devils
  A black mamba (shapeshifter) (D:15)
  2 apocalypse crabs (Abyss:2)
  17 cane toads
  A water nymph (Shoals:4)
  10 vault sentinels
  4 smoke demons
  2 molten gargoyles (Volcano)
  3 guardian serpents
  27 black mambas
  A fire giant skeleton (Depths:2)
  6 gargoyles
  22 naga magi
  2 orange demons (Depths:3)
  A storm dragon simulacrum (Zot:3)
  5 rime drakes
  3 human zombies
  A freezing wraith (Vaults:4)
  A golden dragon simulacrum (Zot:3)
  An unseen horror (D:13)
  Jeremiah (D:8)
  38 yaktaurs
  5 komodo dragons
  3 tengu conjurers
  2 ice devils
  An efreet (D:14)
  An ancient zyme (Abyss:2)
  A yaktaur skeleton (Vaults:5)
  3 red devils (Depths:3)
  3 meliai (D:14)
  2 meliai (shapeshifter)
  9 trolls
  12 polar bears
  A tarantella (Vaults:2)
  Prince Ribbit (D:7)
  39 merfolk
  A tengu simulacrum (Depths:3)
  5 wind drakes
  6 hornets
  7 blink frogs
  A snapping turtle (shapeshifter) (Vaults:5)
  8 snapping turtles
  A tarantella (shapeshifter) (Depths:3)
  6 raiju
  12 dream sheep
  A slime creature (shapeshifter) (Vaults:5)
  29 slime creatures
  7 small abominations
  Sigmund (D:6)
  15 wyverns
  21 water elementals
  4 wraiths
  5 fire bats
  44 yaks
  Grum (Lair:1)
  15 basilisks
  2 chaos spawn (Abyss:2)
  16 humans (D:13)
  2 fire elementals
  2 neqoxecs (Abyss:2)
  8 large abominations (Abyss:2)
  3 redbacks
  10 vampire mosquitoes
  2 steam dragons
  6 wargs
  A glowing shapeshifter zombie (Vaults:4)
  31 nagas
  An acid dragon (shapeshifter) (D:15)
  An acid dragon (D:10)
  14 hell hounds
  A moth of wrath simulacrum (Zot:3)
  27 water moccasins
  6 hydra simulacra (Depths:1)
  A glowing shapeshifter skeleton (Vaults:5)
  36 orc warriors
  3 ice beasts
  3 sky beasts
  17 black bears
  The ghost of croobank the Covert, an amateur GnDe (D:7)
  8 ogres
  42 wolves
  16 centaurs
  A boggart (D:14)
  3 kobold brigands
  Blork the orc (D:6)
  16 bullfrogs
  A scorpion (shapeshifter) (Vaults:4)
  A gnoll sergeant (D:12)
  2 scorpions
  2 human simulacra
  9 killer bees
  3 electric eels (Lair:2)
  6 howler monkeys
  A crimson imp (Abyss:2)
  5 lava snakes (Volcano)
  2 quasits (Abyss:2)
  3 gnoll boudas
  3 hounds
  20 orc priests
  A sleepcap (D:7)
  16 hell rats
  3 iguanas
  32 orc wizards
  Natasha (thrice) (D:4)
  16 gnolls
  10 adders
  A shadow imp (D:6)
  A white imp (D:6)
  2 ufetubi (Abyss:2)
  4 dart slugs
  93 orcs
  5 ball pythons
  A ball python (shapeshifter) (Vaults:5)
  5 endoplasms
  A giant cockroach (D:4)
  7 goblins
  5 hobgoblins
  4 quokkas
  10 bats
  2 frilled lizards (D:2)
  23 kobolds
  3 rats
  A spectral orc (D:3)
  A tentacle (Shoals:4)
1951 creatures vanquished.

Vanquished Creatures (collateral kills)
  A dread lich (Vaults:4)
  Sojobo (Vaults:3)
  Jorgrun (Snake:1)
  Gastronok (D:10)
  A storm dragon (Vaults:5)
  An ironbound preserver (Vaults:5)
  A very ugly thing (Depths:4)
  A yellow draconian (Zot:4)
  3 sea snakes (Snake:1)
  A deep elf archer (D:14)
  A necromancer (Vaults:5)
  A human zombie (Vaults:5)
  2 black mambas (Snake:1)
  A cane toad (Lair:5)
  A guardian serpent (Snake:2)
  A yaktaur (Vaults:5)
  A slime creature (D:14)
  2 nagas
  2 wargs
  2 water moccasins (Lair:5)
  A sky beast (D:6)
  An orc warrior (Vaults:4)
  An ogre (Orc:1)
  A wolf (Lair:5)
  A phantom (D:6)
  An orc priest (D:7)
  An iguana (D:6)
  3 hell rats (Lair:5)
  3 orcs (D:7)
  A starspawn tentacle (Snake:1)
40 creatures vanquished.

Vanquished Creatures (others)
  A white draconian (Zot:4)
  A wizard (Vaults:4)
  A yaktaur skeleton (Vaults:5)
  A vampire mosquito (D:11)
  A wolf (Lair:5)
  An orc wizard (D:8)
  8 starspawn tentacles
  9 tentacles
23 creatures vanquished.

Grand Total: 2014 creatures vanquished

Notes
Turn   | Place    | Note
-------+----------+-------------------------------------------
     0 | D:1      | greenreed the Minotaur Berserker began the quest for the
                  | Orb.
     0 | D:1      | Reached XP level 1. HP: 19/19 MP: 0/0
   388 | D:1      | Reached XP level 2. HP: 27/27 MP: 1/1
   619 | D:1      | Reached skill level 4 in Fighting
   970 | D:2      | Reached XP level 3. HP: 26/33 MP: 2/2
  1044 | D:2      | Reached ** piety under Trog
  1366 | D:2      | Reached XP level 4. HP: 41/41 MP: 3/3
  1582 | D:3      | Found a basalt altar of Yredelemnul.
  1959 | D:4      | Noticed Natasha
  1969 | D:4      | Killed Natasha
  2071 | D:4      | Found Veud's Jewellery Boutique.
  2082 | D:4      | Noticed Natasha
  2090 | D:4      | Killed Natasha
  2090 | D:4      | Reached *** piety under Trog
  2091 | D:4      | Reached XP level 5. HP: 36/47 MP: 4/4
  2172 | D:4      | Reached skill level 5 in Fighting
  2195 | D:4      | Reached skill level 5 in Maces & Flails
  2401 | D:4      | Noticed Natasha
  2403 | D:4      | Killed Natasha
  2596 | D:5      | Entered Level 5 of the Dungeon
  2597 | D:5      | Noticed a centaur
  2605 | D:5      | Killed a centaur
  2606 | D:5      | Reached XP level 6. HP: 50/56 MP: 5/5
  3250 | D:5      | Reached skill level 6 in Fighting
  3331 | D:5      | Reached XP level 7. HP: 55/64 MP: 6/6
  3587 | D:6      | Found an ancient bone altar of Kikubaaqudgha.
  3665 | D:6      | Noticed Blork the orc
  3674 | D:6      | Killed Blork the orc
  3760 | D:6      | Reached **** piety under Trog
  3761 | D:6      | Reached skill level 7 in Fighting
  3839 | D:6      | Noticed Sigmund
  3842 | D:6      | Killed Sigmund
  3843 | D:6      | Reached skill level 5 in Armour
  3843 | D:6      | Reached XP level 8. HP: 73/73 MP: 7/7
  3885 | D:6      | Found a glowing silver altar of Zin.
  4055 | D:6      | Found an iron altar of Okawaru.
  4263 | D:6      | Identified the +5 ring mail of Anarchy {Will+ Dex+6}
  4268 | D:6      | Reached skill level 8 in Fighting
  4268 | D:6      | Reached skill level 5 in Dodging
  4767 | D:4      | Bought a ring of see invisible for 150 gold pieces
  4824 | D:7      | Found a staircase to the Ecumenical Temple.
  4835 | D:7      | Noticed croobank's ghost (amateur GnDe)
  4920 | D:7      | Reached skill level 9 in Fighting
  4920 | D:7      | Reached XP level 9. HP: 83/83 MP: 8/8
  4935 | D:7      | Noticed Prince Ribbit
  4974 | D:7      | Killed Prince Ribbit
  5003 | D:7      | Noticed Joseph
  5023 | D:7      | Killed Joseph
  5204 | D:7      | Found a hazy altar of Hepliaklqana.
  5249 | D:7      | Found a runed translucent gate.
  5249 | D:7      | Found a runed translucent gate.
  5250 | D:7      | Found a runed translucent gate.
  5252 | D:7      | Identified the +0 chain mail of the Hidden Vale {rPois
                  | Int+3}
  5287 | D:7      | Reached skill level 10 in Maces & Flails
  5287 | D:7      | Killed croobank's ghost
  5288 | D:7      | Reached skill level 10 in Fighting
  5381 | D:8      | Noticed Jeremiah
  5397 | D:8      | Killed Jeremiah
  5707 | D:8      | Reached XP level 10. HP: 93/94 MP: 9/9
  5852 | D:8      | Identified the +4 short sword "Kaoliut" {spect, Fly rCorr
                  | Str-5 Int+4}
  5868 | D:8      | Found a shimmering altar of Xom.
  5881 | D:8      | Reached ***** piety under Trog
  6052 | D:8      | Noticed Maurice
  6062 | D:8      | Maurice stole an amulet of the acrobat
  6066 | D:8      | Killed Maurice
  6067 | D:8      | Reached skill level 11 in Fighting
  6448 | D:9      | Received a gift from Trog
  6459 | D:9      | Found a staircase to the Orcish Mines.
  6500 | D:9      | Found a burning altar of Makhleb.
  6883 | D:9      | Found a snail-covered altar of Cheibriados.
  7105 | D:9      | Noticed a tengu warrior
  7109 | D:9      | Noticed a tengu warrior
  7116 | D:9      | Killed a tengu warrior
  7125 | D:9      | Killed a tengu warrior
  7126 | D:9      | Reached skill level 12 in Fighting
  7324 | D:10     | Entered Level 10 of the Dungeon
  7340 | D:10     | Noticed an orc knight
  7368 | D:10     | Killed an orc knight
  7376 | D:10     | Reached XP level 11. HP: 105/105 MP: 10/10
  7509 | D:10     | Noticed a centaur warrior
  7517 | D:10     | Killed a centaur warrior
  7595 | D:10     | Noticed a centaur warrior
  7600 | D:10     | Killed a centaur warrior
  7687 | D:10     | Noticed a two-headed ogre
  7698 | D:10     | Killed a two-headed ogre
  7710 | D:10     | Reached skill level 13 in Fighting
  7770 | D:10     | Found a staircase to the Lair.
  8024 | D:10     | Noticed Nergalle
  8028 | D:10     | Noticed a spectral orc warlord
  8037 | D:10     | Killed Nergalle
  8296 | D:10     | Noticed Gastronok
  8308 | D:10     | Killed Gastronok
  8662 | D:11     | Noticed a two-headed ogre
  8671 | D:11     | Killed a two-headed ogre
  8812 | D:11     | Noticed a two-headed ogre
  8839 | D:11     | Killed a two-headed ogre
  8840 | D:11     | Reached skill level 14 in Fighting
  8961 | D:11     | Found a transporter.
  8962 | D:11     | Noticed a two-headed ogre
  8964 | D:11     | Noticed a tengu warrior
  8968 | D:11     | Noticed a two-headed ogre
  8971 | D:11     | Noticed a two-headed ogre
  8989 | D:11     | Noticed an obsidian statue
  9006 | D:11     | Reached XP level 12. HP: 117/117 MP: 11/11
  9162 | D:11     | Found a transporter.
  9163 | D:11     | Noticed xbox's ghost (journeyman DsEE)
  9165 | D:11     | Found a bloodstained altar of Trog.
  9269 | D:11     | Found Hiojoank's Armour Shop.
  9280 | D:11     | Reached skill level 10 in Armour
  9647 | D:12     | Noticed an entropy weaver
  9653 | D:12     | Noticed a tengu warrior
  9659 | D:12     | Killed an entropy weaver
  9724 | D:11     | Killed a tengu warrior
  9843 | D:12     | Reached skill level 1 in Shields
  9910 | D:12     | Found a transporter.
  9928 | D:12     | Reached skill level 15 in Fighting
  9928 | D:12     | Reached skill level 15 in Maces & Flails
  9939 | D:12     | Noticed a green very ugly thing
 10003 | D:12     | Noticed a rakshasa
 10008 | D:12     | Noticed a cacodemon
 10025 | D:12     | Noticed a two-headed ogre
 10051 | D:12     | Killed a two-headed ogre
 10086 | D:12     | Noticed Sundig's ghost (journeyman MiFi)
 10230 | D:12     | Received a gift from Trog
 10315 | D:12     | Noticed a boulder beetle
 10337 | D:12     | Killed a boulder beetle
 10603 | D:12     | Found a one-way gate to the infinite horrors of the Abyss.
 10603 | D:12     | Found a transporter.
 10825 | D:13     | Noticed a centaur warrior
 10833 | D:13     | Killed a centaur warrior
 10834 | D:13     | Reached skill level 10 in Dodging
 11078 | D:13     | Noticed a centaur warrior
 11079 | D:13     | Found a gate to the Vaults.
 11079 | D:13     | Noticed a death knight
 11097 | D:13     | Noticed a two-headed ogre
 11101 | D:13     | Killed a centaur warrior
 11117 | D:13     | Reached XP level 13. HP: 104/127 MP: 12/12
 11678 | D:13     | Identified the ring "Xuug" {Dex+6 SInv}
 11756 | D:13     | Reached skill level 16 in Fighting
 12428 | D:14     | Reached skill level 5 in Shields
 12522 | D:14     | Noticed Agnes
 12530 | D:14     | Killed Agnes
 12967 | D:14     | Found a runed translucent door.
 12970 | D:14     | Noticed olddryhag's ghost (journeyman GnGl)
 12970 | D:14     | Identified the +6 trident "Killer Klown's Regret" {elec,
                  | Fly MP+9 Int+3}
 13192 | D:14     | Found a broken altar of Ashenzari.
 13441 | Lair:1   | Entered Level 1 of the Lair of Beasts
 13468 | Lair:1   | Noticed Grum
 13483 | Lair:1   | Killed Grum
 13639 | Lair:1   | Reached skill level 17 in Fighting
 13742 | Lair:1   | You fall into a shaft and drop 1 floor!
 14017 | Lair:1   | Noticed Urug
 14028 | Lair:1   | Killed Urug
 14201 | Lair:1   | Reached XP level 14. HP: 136/140 MP: 13/13
 14859 | Lair:2   | Found a staircase to the Shoals.
 15458 | Lair:3   | Identified the +2 scale mail of the New World {rPois Regen+
                  | Slay-6}
 15977 | Lair:3   | Found a staircase to the Snake Pit.
 16087 | Lair:3   | Reached skill level 18 in Fighting
 16090 | Lair:3   | Received a gift from Trog
 16709 | Lair:4   | Found a dark tunnel.
 16765 | Volcano  | Entered a volcano
 17031 | Volcano  | Found a radiant altar of Vehumet.
 18512 | Lair:5   | Entered Level 5 of the Lair of Beasts
 18550 | Lair:5   | Received a gift from Trog
 18753 | Lair:5   | Reached skill level 19 in Fighting
 18770 | Lair:5   | Reached XP level 15. HP: 89/152 MP: 14/14
 19262 | Lair:5   | Received a gift from Trog
 19927 | Lair:5   | Found a viscous altar of Jiyva.
 19928 | Lair:5   | Found a staircase to the Slime Pits.
 20398 | Lair:5   | Reached ****** piety under Trog
 20399 | Lair:5   | Reached skill level 10 in Shields
 20622 | Orc:1    | Entered Level 1 of the Orcish Mines
 20909 | Orc:1    | Reached skill level 20 in Fighting
 21108 | Orc:1    | Received a gift from Trog
 21680 | D:11     | Bought the +9 scales of the Dragon King {rPois rF+ rC+
                  | Will+} for 1747 gold pieces
 21680 | D:11     | Found the +9 scales of the Dragon King {rPois rF+ rC+
                  | Will+}
 21801 | Orc:2    | Entered Level 2 of the Orcish Mines
 21838 | Orc:2    | Found a staircase to the Elven Halls.
 22179 | Orc:2    | Noticed Saint Roka
 22322 | Orc:2    | Received a gift from Trog
 22421 | Orc:2    | Killed Saint Roka
 22468 | Orc:2    | Found Rajiukem's Antique Armour Shoppe.
 22683 | Orc:2    | Found Hownory's Book Shoppe.
 22714 | Orc:2    | Found Hanearch's General Store.
 22720 | Orc:2    | Bought a scroll of identify for 34 gold pieces
 22729 | Orc:2    | Found Ozoec's Antique Weapon Shoppe.
 22976 | D:11     | Killed xbox's ghost
 23200 | D:14     | Killed olddryhag's ghost
 23213 | D:14     | Reached XP level 16. HP: 128/165 MP: 15/15
 23405 | D:15     | Entered Level 15 of the Dungeon
 23662 | D:15     | Reached skill level 15 in Armour
 23732 | D:15     | Found a staircase to the Depths.
 23844 | D:15     | Reached skill level 21 in Fighting
 24776 | Depths:1 | Entered Level 1 of the Depths
 24776 | Depths:1 | Noticed a lich
 24794 | D:15     | Killed a lich
 25001 | Snake:1  | Entered Level 1 of the Snake Pit
 25107 | Snake:1  | Noticed Jorgrun
 25117 | Snake:1  | Noticed Mlioglotl
 25118 | Snake:1  | Killed Jorgrun
 25127 | Snake:1  | Found Cauh's Assorted Antiques.
 25129 | Snake:1  | Noticed a tentacled starspawn
 25135 | Snake:1  | Reached skill level 1 in Shapeshifting
 25140 | Snake:1  | Paralysed by an air elemental for 1 turns
 25142 | Snake:1  | Noticed a tentacled starspawn
 25142 | Snake:1  | Paralysed by an air elemental for 1 turns
 25143 | Snake:1  | Identified the +7 mace "Bihaory" {holy, rF+}
 25315 | Snake:1  | Found Seigrus's Distillery.
 25360 | Snake:1  | Found Cyf Omy's Antique Armour Emporium.
 25473 | Snake:1  | Identified the +1 dire flail of Buakohyq {flame, rPois rF-
                  | rC++ rCorr} (Trog gifted it to you on level 1 of the Snake
                  | Pit)
 25473 | Snake:1  | Received a gift from Trog
 25754 | Snake:1  | Found Plog's Armour Shop.
 25769 | Snake:1  | Found Lah Jomu's Magic Scroll Shop.
 25776 | Snake:1  | Bought a scroll of identify for 34 gold pieces
 25832 | Snake:1  | Killed Mlioglotl
 25984 | Snake:1  | Found Coholyd's Weapon Shop.
 25985 | Snake:1  | Found Lurol's Jewellery Emporium.
 26053 | Snake:1  | Found Aqibent's Armour Boutique.
 26386 | Snake:2  | Noticed Aizul
 26412 | Snake:2  | Killed Aizul
 26749 | Snake:2  | Reached skill level 22 in Fighting
 26956 | Snake:2  | Reached XP level 17. HP: 171/176 MP: 16/16
 27673 | Snake:3  | Received a gift from Trog
 28152 | Snake:4  | Entered Level 4 of the Snake Pit
 28428 | Snake:4  | Reached skill level 1 in Evocations
 28473 | Snake:4  | Found Surgheat's Firing Range.
 28491 | Snake:4  | Reached skill level 15 in Dodging
 29350 | Snake:4  | Identified the +2 quarterstaff of Freezing Slow Death
                  | {heavy, *Corrode rPois rC+++ Will-} (Trog gifted it to you
                  | on level 4 of the Snake Pit)
 29350 | Snake:4  | Received a gift from Trog
 29784 | Snake:4  | Got a serpentine rune of Zot
 29919 | Snake:4  | Reached skill level 23 in Fighting
 30397 | Snake:4  | Received a gift from Trog
 30496 | Snake:4  | Noticed Vashnia
 30755 | Snake:4  | Killed Vashnia
 31379 | Shoals:1 | Entered Level 1 of the Shoals
 31382 | Shoals:1 | Found Ivvir's Armour Shoppe.
 31486 | Shoals:1 | Reached XP level 18. HP: 188/188 MP: 17/17
 31556 | Snake:1  | Bought a ring of flight for 227 gold pieces
 32210 | Shoals:1 | Received a gift from Trog
 33745 | Shoals:2 | Found Zoje Cei's General Store.
 33749 | Shoals:2 | Identified a scroll of acquirement
 33883 | Shoals:2 | Acquired the ring of Goumiphiu {rF++ rC+ AC+4}
 33889 | Shoals:2 | Found Cuerghemoa's Magic Scroll Emporium.
 33921 | Shoals:2 | Bought a scroll of brand weapon for 161 gold pieces
 33940 | Shoals:2 | Found Quch's Book Shoppe.
 34023 | Shoals:2 | Found Ymaropt's Magic Scroll Shoppe.
 34608 | Shoals:3 | Reached skill level 5 in Evocations
 34640 | Shoals:3 | Found a flickering gateway to a bazaar.
 34679 | Shoals:3 | Received a gift from Trog
 34692 | Bazaar   | Entered a bazaar
 34785 | Bazaar   | Found Gesievoa's Jewellery Shoppe.
 34789 | Bazaar   | Found Kyfebia's Antique Armour Shoppe.
 34812 | Bazaar   | Found Uxufioz's Antique Armour Shop.
 34820 | Bazaar   | Found Xoacoi's Antique Armour Emporium.
 34900 | Shoals:3 | Reached skill level 24 in Fighting
 35443 | Shoals:4 | Entered Level 4 of the Shoals
 35577 | Shoals:4 | Received a gift from Trog
 36180 | Shoals:4 | Acquired the +5 Storm Queen's Shield {shock, Fly rElec}
 36180 | Shoals:4 | Found the +5 Storm Queen's Shield {shock, Fly rElec}
 36340 | Shoals:4 | Acquired a manual of Dodging
 36616 | Shoals:4 | Received a gift from Trog
 37082 | Shoals:4 | Reached XP level 19. HP: 200/200 MP: 18/18
 37109 | Shoals:4 | Got a barnacled rune of Zot
 37484 | Vaults:1 | Entered Level 1 of the Vaults
 37815 | Vaults:1 | You are sucked into a shaft and drop 1 floor!
 37883 | Vaults:2 | Found a staircase to the Crypt.
 37883 | Vaults:2 | Found a basalt altar of Yredelemnul.
 37883 | Vaults:2 | Found an ancient bone altar of Kikubaaqudgha.
 37925 | Vaults:2 | Reached skill level 15 in Shields
 37932 | Vaults:2 | Received a gift from Trog
 38544 | Vaults:2 | Reached skill level 25 in Fighting
 38771 | Vaults:2 | Received a gift from Trog
 40206 | Vaults:3 | Received a gift from Trog
 40338 | Vaults:3 | Noticed Sojobo
 40352 | Vaults:3 | Killed Sojobo
 40596 | Vaults:3 | Identified the ring "Uptikkept" {Ice Will+ Dex+6}
 40603 | Vaults:3 | Reached XP level 20. HP: 211/211 MP: 19/19
 40607 | Vaults:3 | Found a transporter.
 40659 | Vaults:3 | Found a transporter.
 40731 | Vaults:3 | Found Atask's Book Boutique.
 40980 | Vaults:3 | Noticed a dread lich
 40998 | Vaults:3 | Killed a dread lich
 41008 | Vaults:3 | HP: 8/318 [ironbound frostheart (10)]
 41516 | Vaults:4 | Paralysed by a great orb of eyes for 5 turns
 41818 | Vaults:4 | Received a gift from Trog
 41875 | Vaults:4 | Found Feodizusti's Weapon Emporium.
 41887 | Vaults:4 | Reached skill level 26 in Fighting
 41980 | Abyss:2  | Cast into level 2 of the Abyss (a wizard)
 42163 | Abyss:2  | Gained mutation: Your body sometimes deteriorates upon
                  | taking damage. [a neqoxec]
 42298 | Abyss:2  | Found a corrupted altar of Lugonu.
 42561 | Vaults:4 | Escaped the Abyss
 43110 | Vaults:4 | Received a gift from Trog
 43142 | Vaults:4 | Identified the +1 lajatang of Greed {pain, rF+ rC- Int+2}
 43156 | Vaults:5 | Entered Level 5 of the Vaults
 43173 | Vaults:5 | Noticed a dread lich
 43389 | Vaults:5 | Noticed a dread lich
 43406 | Vaults:4 | Killed a dread lich
 43407 | Vaults:4 | Reached XP level 21. HP: 201/223 MP: 20/20
 43408 | Vaults:4 | Killed a dread lich
 43453 | Vaults:5 | Identified the +8 mace of False Accusations {heavy, Str+3
                  | Stlth+} (Trog gifted it to you on level 5 of the Vaults)
 43453 | Vaults:5 | Received a gift from Trog
 43469 | Vaults:5 | Reached skill level 27 in Fighting
 43825 | Vaults:5 | Noticed a golden dragon
 43956 | Vaults:4 | Received a gift from Trog
 44606 | Vaults:5 | Reached skill level 10 in Evocations
 44658 | Vaults:5 | Identified the staff "Cail" {rF+ rCorr Fire}
 44673 | Vaults:5 | Found the sphere of Battle
 44755 | Vaults:5 | Noticed a dread lich
 44759 | Vaults:5 | Noticed an ancient lich
 44764 | Vaults:5 | Killed a dread lich
 44767 | Vaults:5 | Identified the +6 rapier of Courage {heavy, *Corrode rN+
                  | Stlth+}
 44771 | Vaults:5 | Killed an ancient lich
 44777 | Vaults:5 | Received a gift from Trog
 44785 | Vaults:5 | Noticed an ancient lich
 44795 | Vaults:4 | Killed an ancient lich
 45316 | Vaults:4 | Killed a golden dragon
 45813 | Vaults:5 | Identified the ring "Yrakijuj" {rF+ Int+4}
 45934 | Vaults:5 | Identified the +2 pair of boots "Guned" {rN+ Int+3 Dex+2}
 46121 | Vaults:5 | Lost mutation: Your body sometimes deteriorates upon taking
                  | damage. [potion of mutation]
 46121 | Vaults:5 | Gained mutation: Your system is resistant to poisons.
                  | (rPois) [potion of mutation]
 46121 | Vaults:5 | Gained mutation: Your magical capacity is low. (-10% MP)
                  | [potion of mutation]
 46121 | Vaults:5 | Gained mutation: Potions are less effective at restoring
                  | your health. [potion of mutation]
 46121 | Vaults:5 | Gained mutation: You passively map a small area around you.
                  | [potion of mutation]
 46122 | Vaults:5 | Lost mutation: Your system is resistant to poisons. (rPois)
                  | [potion of mutation]
 46122 | Vaults:5 | Lost mutation: You passively map a small area around you.
                  | [potion of mutation]
 46122 | Vaults:5 | Lost mutation: Your magical capacity is low. (-10% MP)
                  | [potion of mutation]
 46122 | Vaults:5 | Gained mutation: You are somewhat resistant to further
                  | mutation. [potion of mutation]
 46123 | Vaults:5 | Lost mutation: Potions are less effective at restoring your
                  | health. [potion of mutation]
 46123 | Vaults:5 | Lost mutation: You are somewhat resistant to further
                  | mutation. [potion of mutation]
 46123 | Vaults:5 | Gained mutation: You occasionally shout uncontrollably at
                  | your foes. [potion of mutation]
 46123 | Vaults:5 | Gained mutation: You are partially covered in iridescent
                  | scales. (AC +2) [potion of mutation]
 46130 | Vaults:5 | Got a silver rune of Zot
 46685 | Depths:1 | Found Ughel's Antique Armour Shop.
 46685 | Depths:1 | Found Qiommebe's Assorted Antiques.
 46709 | Depths:1 | Reached XP level 22. HP: 233/233 MP: 21/21
 46803 | Depths:1 | Identified the +1 leather armour "Qiaduw" {rElec Int-2
                  | Dex+3}
 46828 | Depths:1 | Found a gateway to Hell.
 46857 | Hell     | Entered the Vestibule of Hell
 46857 | Hell     | Noticed Geryon
 46949 | Depths:1 | Received a gift from Trog
 47370 | Depths:1 | Noticed a juggernaut
 47383 | Depths:1 | Killed a juggernaut
 47425 | Depths:1 | Identified the amulet of Citzuhau {Faith Int+3 Dex+4}
 47444 | Depths:1 | Identified the ring "Ywoh" {Fly rPois Str+7 Dex-4}
 47571 | Depths:2 | Found an iron altar of Okawaru.
 48262 | Depths:2 | Found a hide-covered altar of Uskayaw.
 48483 | Depths:2 | Found a one-way gate leading to the halls of Pandemonium.
 48555 | Hell     | Noticed Murray
 48571 | Depths:2 | Killed Murray
 48975 | Depths:3 | Noticed a golden dragon
 48979 | Depths:3 | Noticed a golden dragon
 48991 | Depths:3 | Killed a golden dragon
 49021 | Depths:3 | Killed a golden dragon
 49240 | Depths:3 | Found a one-way gateway to a ziggurat.
 49253 | Depths:3 | Received a gift from Trog
 50092 | Depths:3 | Found a blossoming altar of Fedhas.
 50288 | Depths:4 | Entered Level 4 of the Depths
 50298 | Depths:4 | Noticed Mennas
 50299 | Depths:4 | Noticed a caustic shrike
 50299 | Depths:4 | Noticed a caustic shrike
 50301 | Depths:4 | Noticed a caustic shrike
 50302 | Depths:4 | Noticed a caustic shrike
 50309 | Depths:3 | Killed a caustic shrike
 50310 | Depths:3 | Reached XP level 23. HP: 219/240 MP: 22/22
 50594 | Snake:1  | Bought a ring of resist corrosion for 260 gold pieces
 50911 | Depths:4 | Noticed a caustic shrike
 50917 | Depths:3 | Killed a caustic shrike
 50948 | Depths:3 | Killed Mennas
 51125 | Depths:3 | Killed a caustic shrike
 51134 | Depths:3 | Killed a caustic shrike
 51137 | Depths:3 | Killed a caustic shrike
 51137 | Depths:3 | Received a gift from Trog
 51488 | Depths:4 | Found a stormy altar of Qazlal.
 52037 | Depths:4 | Found a gate to the Realm of Zot.
 52061 | Depths:4 | Received a gift from Trog
 52147 | Zot:1    | Entered Level 1 of the Realm of Zot
 52147 | Zot:1    | Noticed a dread lich
 52147 | Zot:1    | Noticed a dread lich
 52151 | Zot:1    | Killed a dread lich
 52156 | Zot:1    | Killed a dread lich
 52164 | Zot:1    | Noticed an ancient lich
 52257 | Zot:1    | Noticed an ancient lich
 52277 | Zot:1    | Killed an ancient lich
 52291 | Depths:4 | Killed an ancient lich
 53426 | Zot:1    | Received a gift from Trog
 54177 | Zot:2    | Identified the +9 rapier of Taxation {protect, rF++ Stlth+}
 54370 | Zot:2    | Noticed an orb of fire
 54385 | Zot:2    | Noticed an orb of fire
 54392 | Zot:2    | Killed an orb of fire
 54393 | Zot:2    | Reached XP level 24. HP: 175/249 MP: 22/22
 54395 | Zot:2    | Gained mutation: You do not regenerate when monsters are
                  | visible. [an orb of fire]
 54405 | Zot:2    | Gained mutation: Your muscles are strong. (Str +4, Int/Dex
                  | -1) [an orb of fire]
 54408 | Zot:2    | Killed an orb of fire
 55980 | Zot:3    | Identified the ring of Pomp {Ice *Corrode Str+4 Dex+6}
 55980 | Zot:3    | Noticed Josephina
 55993 | Zot:3    | Killed Josephina
 57008 | Zot:3    | Noticed a Killer Klown
 57020 | Zot:3    | Killed a Killer Klown
 57219 | Zot:4    | Noticed Parghit
 57242 | Zot:4    | Killed Parghit
 57244 | Zot:4    | Received a gift from Trog
 58375 | Zot:5    | Entered Level 5 of the Realm of Zot
 59131 | Zot:5    | Noticed a dread lich
 59141 | Zot:5    | Noticed an orb of fire
 59143 | Zot:5    | Noticed an orb of fire
 59144 | Zot:5    | Killed a dread lich
 59150 | Zot:5    | Noticed a Killer Klown
 59151 | Zot:5    | Noticed an orb of fire
 59151 | Zot:5    | Noticed a Killer Klown
 59152 | Zot:5    | Gained mutation: You are dopey. (Int -2) [an orb of fire]
 59152 | Zot:5    | Noticed a Killer Klown
 59159 | Zot:5    | Slain by an electric golem

Illustrated notes

Levels and vault maps discovered:
D:1:      dpeg_arrival_radiant, layout_basic,
          hangedman_abyss_or_decor_lesser_grid, nicolae_titane
D:2:      layout_basic
D:3:      layout_rooms, yredelemnul_forgotten_temple_becter
D:4:      layout_loops_ring, serial_shops, shop, feat_on_display, uniq_natasha
D:5:      layout_basic
D:6:      nicolae_BIG_FREAKIN_CUBE, layout_basic, lemuel_doored_altar,
          old_standard_altar, old_standard_altar, minmay_misc_feat_encased,
          minmay_alternating_orb, uniq_blork_the_orc, uniq_sigmund
D:7:      layout_rooms, nzn_hepliaklqana_mist_gate,
          minmay_temple_entry_stoned_glass, biasface_ghost_orc_armoury,
          moated_statue, dreamdust_wishing_well, kennysheep_generic_room_9,
          uniq_joseph, uniq_prince_ribbit1
D:8:      layout_gridville, lemuel_tele_altar, dk_rats_in_the_wall,
          uniq_jeremiah, uniq_maurice
D:9:      layout_roguey, cheibriados_altar_1, lemuel_round_altar, orc_david_3
D:10:     layout_long_grid, due_lair_maze_entry_diamond, kb_rosetta,
          uniq_gastronok, uniq_nergalle
D:11:     layout_long_grid, gammafunk_ghost_wrathful_warriors, serial_shops,
          shop_fountains, minivault_16, hangedman_abyss_or_decor_stabs
D:12:     layout_cave_pools, gammafunk_ghost_abyssal_escape, minmay_bent
D:13:     layout_basic, david_vaults_3
D:14:     kennysheep_room_grid, layout_loops_cross, gauntlet_entry_generic,
          nicolae_ashenzari_panopticon, ebering_ghost_funeral_grove, uniq_agnes
D:15:     hangedman_depths_entry_civil_slaughter, layout_stronghold,
          serial_park_square3 [serial_park_minivault_5x5_7]
Lair:1:   layout_chaotic_city, lemuel_fruit_tree, uniq_urug, uniq_grum
Lair:2:   layout_small_grid, elwin_shoals_entry_rocks, beast_lair_carwin_7,
          lemuel_fruit_fields, serial_bayou_shore_a
Lair:3:   layout_gridlike, nicolae_snake_entry_squirm, special_room
          [special_room_mythical_zoo], beast_lair_carwin_3,
          infiniplex_staircase_pool_2
Lair:4:   layout_cave_pods, nicolae_volcano_entry_vermiform
Lair:5:   hangedman_lair_tendril_chambers, layout_misc_corridors,
          hangedman_lair_caniforms_friends, slime_entry_1, minivault_26,
          serial_bayou_shore_b
Shoals:1: layout_shoals, serial_shops, nicolae_shop_advertising_works
          [nicolae_subvault_shop_adworks], nicolae_shoals_pincushion_passage
Shoals:2: layout_shoals, serial_shops, shop, nicolae_shop_gibbet_a_chance,
          nicolae_diamond_shop, shop
Shoals:3: layout_shoals, serial_shops, bzr_entry_lakeside
Shoals:4: shoals_end_simple, layout_shoals, hangedman_shoal_volcano
Snake:1:  nicolae_snake_shooting_gallery, layout_honeycomb, serial_shops,
          nicolae_shop_window_shopping, shop, shop, shop, shop,
          nicolae_snake_serpentine_bazaar, uniq_mlioglotl, uniq_jorgrun
Snake:2:  layout_rooms, uniq_aizul
Snake:3:  layout_cave_town
Snake:4:  snake_pit, layout_cave_town, st_stairs_12, drop_trap,
          nicolae_shop_firing_range, uniq_vashnia
Orc:1:    layout_caves, basic_altar
Orc:2:    grunt_orc_cross, layout_caves
Vaults:1: hangedman_vaults_restitches, nicolae_vaults_octothorpe,
          vaults_standard_mumra_lines, nicolae_vaults_cornered_office,
          nicolae_vaults_storage_closets_1, nicolae_vaults_trapezoid_lopsided_4,
          nicolae_vaults_apartment_2, layout_vaults_big_room, serial_shops,
          nicolae_shop_waterfront
Vaults:2: grunt_vaults_diagonal, nicolae_vaults_surprise_closet,
          minmay_crypt_entry_necro_gods, vaults_mumra_minichess_inversion,
          nicolae_vaults_closet_pinwheel_5,
          nicolae_vaults_doubleplus_tesselated, v_misc_5, ontoclasm_vaults_eye,
          v_alt_pattern_4, vaults_dpeg_hooks, ontoclasm_vaults_loading_screen,
          vaults_dpeg_encased_lava, layout_vaults_ring
Vaults:3: v_alt_pattern_5, v_misc_11, nicolae_vaults_circle_grid_b,
          ontoclasm_vaults_shuriken, nicolae_vaults_yaktaur_gun_rack,
          nicolae_vaults_tetromino_Z_1, nicolae_vaults_what_the_h,
          nicolae_vaults_three_branches, ontoclasm_vaults_loading_screen,
          v_alt_pattern_6, nicolae_vaults_little_squares_5,
          nicolae_vaults_cochlea, nicolae_vaults_tetromino_T_1,
          nicolae_vaults_variable_pillar_hall, nicolae_vaults_layer_cake_slice,
          gammafunk_dig_for_victory, layout_vaults_omnibox, serial_shops,
          nicolae_shop_window_shopping, uniq_sojobo
Vaults:4: v_misc_27, v_misc_19, nicolae_vaults_display_case, v_rooms_4,
          v_pattern_5, nicolae_vaults_tangram_1, nicolae_vaults_house_1,
          nicolae_vaults_trapezoid_layered, v_misc_32,
          nicolae_vaults_door_testing_chamber, vaults_room_stairs_pillars,
          nicolae_vaults_mini_display_case, nicolae_vaults_little_squares_3,
          nicolae_vaults_layer_cake_slice, layout_vaults_maze_bifur,
          serial_shops, nicolae_square_shop
Vaults:5
Depths:1: cheibrodos_hall_of_evolution, layout_small_grid, hell_entry,
          serial_sigils_hangedman_quiver, minmay_crystal_room,
          item_on_display_a, minmay_shoptagon
Depths:2: nicolae_cairo_tiling_very_big, layout_cave_shapes, pan_entry,
          hell_entry, okawaru_gym_becter,
          nicolae_uskayaw_murder_on_the_dancefloor
Depths:3: minmay_bloctagon, layout_gridlike, enter_ziggurat_b, abyss_entry,
          hell_entry, fedhas_altar_fruit_tree, grunt_pan_entry_spiral
Depths:4: evilmike_zot_entry_diamond, layout_cave_pools, hex_tiny, abyss_entry,
          hell_entry, grunt_qazlal_clouds, uniq_mennas
Hell
Zot:1:    hellmonk_crystal_mountain, layout_gridlike, grunt_megastairs_5
Zot:2:    layout_concentric_octagons, uniq_grunn
Zot:3:    layout_concentric_octagons, uniq_josephina
Zot:4:    layout_cellular_growth, uniq_parghit
Zot:5:    layout_basic

Skill      XL: |  1  2  3  4  5  6  7  8  9 10 11 12 13 14 15 16 17 18 19 20 21 22 23 24 |
---------------+-------------------------------------------------------------------------+-----
Fighting       | 4 5 6 7 9 10 12 14 15 17 19 20 22 23 24 25 26 27 | 27.0
Maces & Flails | 4 5 6 7 9 10 12 14 15 16 18 21 22 | 22.0
Armour         | 3 4 5 6 7 8 9 10 12 13 14 15 16 17 18 19 20 21 22 23 | 23.6
Dodging        | 3 4 5 6 7 9 10 11 12 13 14 15 16 18 19 21 22 23 | 23.4
Shields        | 3 6 9 11 12 13 14 15 16 18 19 20 21 | 21.5
Shapeshifting  | 2 3 |  3.0
Evocations     | 3 6 7 9 10 12 13 14 | 14.2

Action                     |  1- 3 |  4- 6 |  7- 9 | 10-12 | 13-15 | 16-18 | 19-21 | 22-24 || total
---------------------------+-------+-------+-------+-------+-------+-------+-------+-------++-------
  Melee: Mace              |    65 |    73 |       |       |       |       |       |       ||   138
         Headbutt          |     8 |    19 |    37 |   120 |   395 |   381 |   346 |   431 ||  1737
         Flail             |       |    63 |   205 |   578 |  1149 |       |       |       ||  1995
         Punch             |       |       |     5 |     7 |     5 |       |       |       ||    17
         Short sword       |       |       |       |       |    27 |       |       |       ||    27
         Eveningstar       |       |       |       |       |   427 |  1370 |  1144 |  1383 ||  4324
  Throw: Stone             |    22 |       |       |       |       |       |       |       ||    22
 Invoke: Berserk           |       |       |     3 |    11 |     5 |     6 |     4 |     2 ||    31
         Trog's Hand       |       |       |     3 |     4 |    10 |     8 |     8 |    10 ||    43
         Brothers in Arms  |       |       |     2 |     2 |     3 |     3 |     8 |     4 ||    22
  Evoke: Wand              |       |       |       |       |       |     5 |       |       ||     5
    Use: Scroll            |       |       |       |    15 |    11 |    13 |    10 |     4 ||    53
         Potion            |       |       |       |       |     1 |     6 |     6 |     4 ||    17
   Stab: Sleeping          |       |       |       |     3 |     7 |       |       |       ||    10
         Distracted        |       |       |       |       |     2 |       |     1 |     1 ||     4
         Paralysed         |       |       |       |       |       |       |     2 |       ||     2
 Armour: Ring mail         |    30 |       |    60 |   368 |   170 |       |       |       ||   628
         Animal skin       |     1 |       |       |       |       |       |       |       ||     1
         Scale mail        |     2 |    91 |    42 |       |    52 |       |       |       ||   187
         Chain mail        |       |       |       |       |   694 |       |       |       ||   694
         Gold dragon scale |       |       |       |       |    93 |  1265 |   882 |  1007 ||  3247
         Skin              |       |       |       |       |       |       |       |     7 ||     7
  Dodge: Dodged            |    38 |   131 |   154 |   399 |   827 |   494 |   431 |   704 ||  3178
  Block: Other             |    13 |       |       |       |       |       |       |       ||    13
         Reflection        |     3 |       |       |       |       |       |       |       ||     3
         Kite shield       |       |       |       |       |   710 |   943 |   910 |  1258 ||  3821

Table legend: (Time is in decaauts)
 A = Elapsed time spent in this place.
 B = Non-inter-level travel time spent in this place.
 C = Inter-level travel time spent in this place.
 D = Time resting spent in this place.
 E = Time spent auto-exploring this place.
 F = Levels seen in this place.
 G = Mean time per level.
                   A        B        C        D        E       F      G
               +--------+--------+--------+--------+--------+-----+--------+
         Total |  58028 |  53326 |   4702 |   7756 |  34278 |  49 | 1184.2 |
       Dungeon |  16276 |  14398 |   1878 |   1439 |   9971 |  15 | 1085.1 |
          Lair |   6702 |   6036 |    666 |    305 |   4329 |   5 | 1340.4 |
        Shoals |   5549 |   5380 |    169 |    733 |   3562 |   4 | 1387.2 |
     Snake Pit |   6340 |   5962 |    378 |   1354 |   3271 |   4 | 1585.0 |
  Orcish Mines |   1794 |   1684 |    110 |    204 |   1087 |   2 |  897.0 |
        Vaults |   8183 |   7635 |    548 |   2017 |   4183 |   5 | 1636.6 |
        Depths |   5618 |   4961 |    657 |   1252 |   2759 |   4 | 1404.5 |
          Hell |      5 |      5 |      0 |      0 |      0 |   1 |    5.0 |
           Zot |   6225 |   5932 |    293 |    449 |   4590 |   5 | 1245.0 |
         Abyss |    540 |    540 |      0 |      0 |     27 |   2 |  270.0 |
        Bazaar |    169 |    169 |      0 |      0 |    152 |   1 |  169.0 |
       Volcano |    623 |    623 |      0 |      0 |    346 |   1 |  623.0 |
               +--------+--------+--------+--------+--------+-----+--------+

Top non-repeatable levels by time:
Vaults:4: 3005 daAuts
 Snake:4: 2261 daAuts
  Lair:5: 1870 daAuts
   Zot:2: 1835 daAuts
 Snake:3: 1809 daAuts
Vaults:3: 1807 daAuts
Depths:3: 1735 daAuts
Shoals:1: 1706 daAuts
Vaults:2: 1672 daAuts
Shoals:4: 1661 daAuts
 Snake:1: 1552 daAuts
    D:10: 1549 daAuts
   Zot:4: 1506 daAuts
    D:14: 1490 daAuts
    D:15: 1484 daAuts
